 Dungeon Crawl Stone Soup version 0.24-a0-479-g9a978d2 (webtiles) character file.

Game seed: 15788478563682594609

62 ssg the Skirmisher (level 4, 0/24 HPs)
             Began as a Vine Stalker Berserker on July 9, 2019.
             Was a Follower of Trog.
             Slain by a goblin (3 damage)
             ... led by Robin
             ... on level 2 of the Dungeon.
             The game lasted 00:02:04 (1223 turns).

ssg the Skirmisher (Vine Stalker Berserker)         Turns: 1223, Time: 00:02:05

Health: 0/24       AC:  2    Str: 21    XL:     4   Next: 8%
Magic:  0/5        EV: 12    Int:  7    God:    Trog [*.....]
Gold:   50         SH:  0    Dex: 13    Spells: 3/3 levels left

rFire    . . .     SeeInvis .   a - +0 short sword
rCold    . . .     Gourm    .   (no shield)
rNeg     . . .     Faith    .   b - +0 animal skin
rPois    .         Spirit   +   (no helmet)
rElec    .         Reflect  .   (no cloak)
rCorr    .         Harm     .   (no gloves)
MR       .....                  (no boots)
Stlth    +.........             (no amulet)
HPRegen  0.48/turn              (no ring)
MPRegen  0.09/turn              (no ring)

@: berserk cooldown, slowed, very slow
A: fangs 2, regeneration 1, magic shield, antimagic bite, no potion heal 3, rot
immunity
a: Berserk, Renounce Religion


You were on level 2 of the Dungeon.
You worshipped Trog.
Trog was aware of your devotion.
You were very hungry.

You visited 1 branch of the dungeon, and saw 2 of its levels.

You collected 50 gold pieces.

Inventory:

Hand Weapons
 a - a +0 short sword (weapon)
Armour
 b - a +0 animal skin (worn)
Scrolls
 e - a scroll of remove curse {unknown}
 g - 3 scrolls of teleportation {unknown}
 h - 3 scrolls of identify {unknown}
Potions
 d - a potion of might {unknown}
 f - a potion of berserk rage {unknown}
Comestibles
 c - 5 rations


   Skills:
 + Level 3.3 Fighting
 + Level 3.3 Short Blades
 + Level 2.3 Armour
 - Level 1.5 Dodging


You had 3 spell levels left.
You didn't know any spells.
Your spell library was empty.

Dungeon Overview and Level Annotations

Branches:
Dungeon (2/15)

Altars:

Annotations:
D:2 Robin


Innate Abilities, Weirdness & Mutations

You have extremely sharp teeth.
Your natural rate of healing is unusually fast.
When hurt, damage is shared between your health and your magic reserves.
Your bite disrupts and absorbs the magic of your enemies.
Potions cannot restore your health.
You are immune to rotting.


Message History

You hit the jackal but do no damage.
The jackal is heavily wounded.
The jackal barely misses you. The jackal bites you.
* * * LOW HITPOINT WARNING * * *
A goblin comes into view.
You miss the jackal.
The jackal is heavily wounded.
The goblin shouts!
The jackal bites you.
* * * LOW HITPOINT WARNING * * *
Robin roars a battlecry!
The goblins go into a battle-frenzy!
The jackal misses you. Robin throws the goblin at you!
* * * LOW HITPOINT WARNING * * *
You hit the jackal but do no damage. Your bite misses the jackal.
The jackal is heavily wounded.
The jackal bites you.
* * * LOW HITPOINT WARNING * * *
The goblin hits you.
You die...

### .. ..## ...# #..
...# #..# #.# #..#
#..# ##.#### #..# #..#
#.....# #†.# #..#
#.....###g.##... #..#
#.....g@hhgg.....
#..###.....###g.####..
#..........###.....
#.#####.........####
#.# ####.###.... #)#
#.# ##### #.# #.# #.#
#.# #.########.#


You could see Robin, 2 jackals, a hobgoblin and 3 goblins.

Vanquished Creatures
  Natasha (D:2)
  A dart slug (D:1)
  4 bats (D:1)
  3 giant cockroaches
  3 goblins (D:1)
  6 hobgoblins
  6 jackals
  A ball python (D:1)
  A frilled lizard (D:1)
  3 kobolds (D:1)
  2 rats (D:1)
31 creatures vanquished.

Notes
Turn   | Place    | Note
-------+----------+-------------------------------------------
     0 | D:1      | ssg the Vine Stalker Berserker began the quest for the Orb.
     0 | D:1      | Reached XP level 1. HP: 11/11 MP: 2/2
   322 | D:1      | Reached XP level 2. HP: 16/16 MP: 3/3
   596 | D:1      | Reached XP level 3. HP: 9/20 MP: 1/4
  1204 | D:2      | Noticed Natasha
  1212 | D:2      | Killed Natasha
  1212 | D:2      | Gained mutation: Your natural rate of healing is unusually
                  | fast. [Vine Stalker growth]
  1212 | D:2      | Reached XP level 4. HP: 13/24 MP: 1/5
  1219 | D:2      | Noticed Robin
  1223 | D:2      | Slain by a goblin

Levels and vault maps discovered:
D:1:      lightli_arrival_chessboard, layout_basic, minmay_pentomino_r4
D:2:      layout_loops_ring, nicolae_overflow_crystal_walls,
          lemuel_doored_altar, uniq_terence, uniq_sigmund, uniq_natasha,
          uniq_robin

Skill      XL: |  1  2 |
---------------+-------+-----
Fighting       | 3 |  3.3
Short Blades   | 3 |  3.3
Armour         | 2 |  2.3
Dodging        | |  1.5

Action                   |  1- 3 |  4- 6 || total
-------------------------+-------+-------++-------
Melee: Short sword       |    99 |     7 ||   106
       Bite              |    22 |     1 ||    23
Invok: Berserk           |     4 |       ||     4
  Eat: Chunk             |     4 |       ||     4
Armor: Animal skin       |    22 |     1 ||    23
Dodge: Dodged            |    79 |     5 ||    84

Table legend:
 A = Non-vault XP
 B = Vault XP
 C = Vault XP percentage of total XP
 D = Non-vault monster count
 E = Vault monster count
 F = Vault count percentage of total count
                 A         B        C        D         E       F
            +---------+---------+-------+---------+---------+-------
      Total |      50 |      39 |  43.8 |      27 |       4 |  12.9
            +---------+---------+-------+---------+---------+-------
        D:1 |      40 |       6 |  13.0 |      22 |       3 |  12.0
        D:2 |      10 |      33 |  76.7 |       5 |       1 |  16.7
            +---------+---------+-------+---------+---------+-------
